 Dungeon Crawl Stone Soup version 0.32-a0-128-g77eb882913 (webtiles) character file.

Game seed: 13189649976077607175

32 Esekla the Sneak (level 3, 26/26 HPs)
             Began as an Octopode Delver on Feb 8, 2024.
             Quit the game on level 5 of the Dungeon.
             The game lasted 00:02:45 (212 turns).

Esekla the Sneak (Octopode Delver)                   Turns: 212, Time: 00:02:46

Health: 26/26      AC:  1    Str: 11    XL:     3   Next: 25%
Magic:  4/4        EV: 13    Int: 14    God:
Gold:   20         SH:  0    Dex: 13    Spells: 3/3 levels left

rFire   . . .        a - +0 falchion
rCold   . . .        (no shield)
rNeg    . . .        (helmet restricted)
rPois   .            (no amulet)
rElec   .            (no ring)
rCorr   .            (no ring)
SInv    .            (no ring)
Will    .....        (no ring)
Stlth   ++++         (no ring)
HPRegen 0.24/turn    (no ring)
MPRegen 0.09/turn    (no ring)
                     (no ring)

%: no passive effects
@: no status effects
A: almost no armour, amphibious, 8 rings, camouflage 1, gelatinous body 1,
(nimble swimmer 1), tentacles
a: no special abilities


You were on level 5 of the Dungeon.
You visited 2 branches of the dungeon, and saw 2 of its levels.

You collected 20 gold pieces.

Inventory:

Hand Weapons
 a - a +0 falchion (weapon)
Wands
 f - a wand of digging (3)
 g - a wand of polymorph (8)
Scrolls
 b - a scroll of fog
 d - a scroll of fear
Potions
 c - a potion of mutation {unknown}
 e - a potion of haste
 h - a potion of enlightenment {unknown}


   Skills:
 * Level 3.2 Fighting
 + Level 2.1 Long Blades
 * Level 2.2 Dodging
 + Level 7.2 Stealth
 * Level 0.7 Spellcasting


You had 3 spell levels left.
You didn't know any spells.
Your spell library contained the following spells:

 Spells                   Type           Power      Damage    Failure   Level
 Volatile Blastmotes      Fire/Tloc      0%         2d10      63%         3
 Fulminant Prism          Conj/Alch      0%         3d5       95%         4
 Iskenderun's Mystic Bla  Conj/Tloc      0%         2d3       95%         4


Dungeon Overview and Level Annotations

Branches:
Dungeon (5/15)             Temple (1/1) D:5

Altars:
Ashenzari
Dithmenos
Hepliaklqana
Kikubaaqudgha
Makhleb
Nemelex Xobeh
Qazlal
Sif Muna
Trog
Uskayaw
Vehumet
Wu Jian
Xom
The Shining One

Annotations:
D:5 Dowan, Duvessa


Innate Abilities, Weirdness & Mutations

You cannot wear most types of armour.
You are amphibious.
You can wear up to eight rings at the same time.
Your skin changes colour to match your surroundings (Stealth+).
Your rubbery body absorbs attacks. (AC +1, EV +1)
((You are camouflaged when in or above water. (Stealth+)))
You have tentacles for arms and can constrict up to eight enemies at once.


Message History

You constrict the hound. The hound bites you. x2
* * * LOW HITPOINT WARNING * * *
You hit the hound but do no damage.
The hound is almost dead.
You constrict the hound, but do no damage.
The hound barely misses you. The hound closely misses you.
You hit the hound.
You kill the hound!
Your Stealth skill increases to level 7!
You have reached level 2!
You have reached level 3!
Your experience leads to an increase in your attributes!
Increase (S)trength, (I)ntelligence, or (D)exterity?
You feel clever. x2
Found an amethyst potion.
h - an amethyst potion A scorpion comes into view.
You start resting.
Magic restored.
You start resting.
HP restored.
Okay, then.
You open the door.
Found a staircase to the Ecumenical Temple.
There is an open door here.
You close the door.
There is a staircase to the Ecumenical Temple here.
You climb downwards.
Welcome to the Ecumenical Temple!
Found a staircase back to the Dungeon.
There is a staircase back to the Dungeon here.
Search for what [? for help]?
Gozag Can't find anything matching that.
You enter the deep water.
Found a sparkling altar of Nemelex Xobeh and a burning altar of Makhleb.
Found a shimmering blue altar of Sif Muna.
There is a staircase back to the Dungeon here.
You climb upwards.
Level annotation: Dowan, Duvessa
There is a staircase to the Ecumenical Temple here.
Are you sure you want to abandon this character and quit the game? (Confirm with "yes".)

*,......#.#.##.
*,,.....#/#....
***,...........
###..........
#.........#.#
#######............
##PPP##.......##....
#P...P#..###..#.....
#P.@.P#..# #........
#P...P#.## ###...†..
##P.P##.# **#.......
##+###.# #.........
#s....# ##.......<
####### ##.....##
###..... ###...
*,,,,


There were no monsters in sight!

Vanquished Creatures
  A hound (D:5)
  An orc (D:5)
2 creatures vanquished.

Notes
Turn   | Place    | Note
-------+----------+-------------------------------------------
     0 | D:5      | Esekla the Octopode Delver began the quest for the Orb.
     0 | D:5      | Reached XP level 1. HP: 16/16 MP: 1/1
     2 | D:5      | Noticed Dowan
     3 | D:5      | Noticed Duvessa
    63 | D:5      | Noticed an iguana
    92 | D:5      | Noticed a hound
   105 | D:5      | Killed a hound
   106 | D:5      | Reached skill level 7 in Stealth
   106 | D:5      | Reached XP level 2. HP: 4/21 MP: 1/3
   106 | D:5      | Reached XP level 3. HP: 6/26 MP: 1/4
   120 | D:5      | Noticed a scorpion
   194 | D:5      | Found a staircase to the Ecumenical Temple.
   201 | Temple   | Entered the Ecumenical Temple
   212 | D:5      | Quit the game

Illustrated notes

Levels and vault maps discovered:
D:5:      layout_cave_pools, minmay_temple_entry_enclosed_plants, uniq_duvessa
Temple:   eino_temple_water

Skill      XL: |  1 |
---------------+----+-----
Stealth        | 7 |  7.2
Fighting       | |  3.2
Long Blades    | |  2.1
Dodging        | |  2.2
Spellcasting   | |  0.7

Action                     || total
---------------------------++-------
  Melee: Falchion          ||     9
         Constrict         ||     1
         Tentacles         ||     1
    Use: Scroll            ||     2
 Armour: Skin              ||     5
  Dodge: Dodged            ||     8

Table legend: (Time is in decaauts)
 A = Elapsed time spent in this place.
 B = Non-inter-level travel time spent in this place.
 C = Inter-level travel time spent in this place.
 D = Time resting spent in this place.
 E = Time spent auto-exploring this place.
 F = Levels seen in this place.
 G = Mean time per level.
                   A        B        C        D        E       F      G
               +--------+--------+--------+--------+--------+-----+--------+
         Total |    214 |    214 |      0 |     93 |      0 |   2 |  107.0 |
       Dungeon |    204 |    204 |      0 |     93 |      0 |   1 |  204.0 |
        Temple |      9 |      9 |      0 |      0 |      0 |   1 |    9.0 |
               +--------+--------+--------+--------+--------+-----+--------+

Top non-repeatable levels by time:
     D:5: 204 daAuts
  Temple: 9 daAuts
